 Dungeon Crawl Stone Soup version 0.32-a0-42-ga30500b4d3 (webtiles) character file.

Game seed: 3897859936204620265

355 cforsyth the Trooper (level 6, -6/38 (49) HPs)
             Began as a Djinni Reaver on Jan 26, 2024.
             Mangled by an ice beast (15 damage)
             ... on level 4 of the Dungeon.
             The game lasted 00:07:18 (5211 turns).

cforsyth the Trooper (Djinni Reaver)                Turns: 5211, Time: 00:07:18

HP:   -6/38 (49)    AC:  4    Str: 11    XL:     6   Next: 95%
Gold: 235           EV: 11    Int: 16    God:
                    SH:  0    Dex: 12

rFire   + + .        p - +0 dagger (venom)
rCold   x . .        (no shield)
rNeg    . . .        b - +0 leather armour
rPois   ∞            o - +0 helmet
rElec   .            (no cloak)
rCorr   .            (no gloves)
SInv    .            (boots unavailable)
Will    .....        (no amulet)
Stlth   +            (no ring)
HPRegen 0.26/turn    (no ring)
MPRegen 0.00/turn

%: infuse magic (-7 HP)
@: about to teleport, flying, heavily drained
A: sickness immunity, fire resistance 2, cold vulnerability 1, float, innate
caster, HP casting, extra vitality 1
a: no special abilities


You were on level 4 of the Dungeon.
You visited 1 branch of the dungeon, and saw 5 of its levels.

You collected 235 gold pieces.

Inventory:

Hand Weapons
 a - a +0 heavy short sword
 p - a +0 dagger of venom (weapon)
Armour
 b - a +0 leather armour (worn)
 o - a +0 helmet (worn)
Wands
 q - a wand of polymorph (8)
Scrolls
 g - a scroll of identify
 l - a scroll of poison
Potions
 c - a potion of lignification {unknown}
 e - 2 potions of attraction {unknown}
 f - 5 potions of curing
 i - 2 potions of heal wounds
 j - a potion of berserk rage {unknown}
 k - 2 potions of resistance {unknown}
 m - a potion of mutation {unknown}
 n - a potion of ambrosia {unknown}
 r - 2 potions of cancellation {unknown}


   Skills:
 + Level 5.1 Fighting
 - Level 2.6 Short Blades
 - Level 2.1 Dodging
 + Level 4.5 Spellcasting
 + Level 4.5 Conjurations
 + Level 4.5 Hexes
 + Level 4.5 Summonings
 + Level 4.5 Necromancy
 + Level 4.5 Translocations
 + Level 4.5 Fire Magic
 + Level 4.5 Ice Magic
 + Level 4.5 Air Magic
 + Level 4.5 Earth Magic
 + Level 4.5 Alchemy


You knew the following spells:

 Your Spells              Type           Power      Damage    Failure   Level
a - Kiss of Death         Conj/Necr      72%        2d10      3%          1
b - Momentum Strike       Conj/Tloc      36%        3d9       4%          2
c - Hailstorm             Conj/Ice       18%        3d7       10%         3
d - Freeze                Ice            72%        1d8       3%          1
e - Jinxbite              Hex            36%        N/A       4%          2
Your spell library was empty.

Dungeon Overview and Level Annotations

Branches:
Dungeon (5/15)
 Temple: D:4-7

Altars:
Hepliaklqana

Shops:
D:2 =*


Innate Abilities, Weirdness & Mutations

You are immune to sickness and miasma.
You are immune to poison.
Your flesh is very heat resistant. (rF++)
You are vulnerable to cold. (rC-)
You float through the air rather than walking.
You learn spells naturally, not from books.
Your magical power is your life essence.
You have superior vitality. (+4 MHP)


Message History

You hit the orc.
You kill the orc!
Things that are here:
a +0 war axe; a +0 battleaxe; a +0 plate armour You start resting.
HP restored.
Things that are here:
a +0 war axe; a +0 battleaxe; a +0 plate armour
There is a stone staircase leading down here.
You fly downwards.
There is a stone staircase leading up here.
The ice beast misses you. The orc priest misses you.
You fly upwards.
There is a stone staircase leading down here.
As you read the scroll labelled NUS NADI WEA, it crumbles to dust.
It is a scroll of identify.
l - a scroll of poison The ice beast hits you.
The ice beast freezes you!
You feel a terrible chill!
The orc priest hits you but does no damage.
As you read the scroll labelled YTETTA SUYP, it crumbles to dust.
It is a scroll of brand weapon.
Your +0 short sword becomes incredibly heavy!
a - a +0 heavy short sword The ice beast barely misses you.
The orc priest hits you but does no damage.
As you read the scroll labelled LIORHU YWKORIO, it crumbles to dust.
You feel strangely unstable.
It was a scroll of teleportation.
The ice beast closely misses you. The orc priest closely misses you.
You hit the orc priest.
The orc priest is poisoned.
The orc priest is lightly wounded.
The ice beast hits you. The ice beast freezes you!
You feel a terrible chill!
The orc priest hits you with a +0 dagger.
* * * LOW HITPOINT WARNING * * *
You hit the orc priest.
The orc priest looks as sick as possible!
The orc priest is heavily wounded.
The ice beast hits you.
* * * LOW HITPOINT WARNING * * *
The ice beast freezes you!
You feel a terrible chill!
You die...

.########.## #.#
...........# #.#
#########..# #.#
###..# #.# ##....#
#.# #..#..# #.#
#.###.# #.# #).#..#
#####.# ##....#
#.@o..# ####.###
#Y##### #....####
#)# #.##....# #.#
#.#####.# #.# #.#
#.# #.# #.# #.# #.#
######## #.# #.#
#.##########.......
#.# #.#
#.............#####


You could see an ice beast and an orc priest (extremely poisoned).

Vanquished Creatures
  An orc warrior (D:4)
  A hound (D:4)
  Jessica (D:3)
  An iguana (D:4)
  Robin (D:3)
  3 gnolls
  3 adders
  A white imp (D:3)
  4 dart slugs
  A ribbon worm (D:2)
  11 orcs
  5 ball pythons
  3 bats
  8 endoplasms
  3 giant cockroaches
  14 goblins
  6 hobgoblins
  3 quokkas
  5 frilled lizards
  9 kobolds
  4 rats
88 creatures vanquished.

Notes
Turn   | Place    | Note
-------+----------+-------------------------------------------
     0 | D:1      | cforsyth the Djinni Reaver began the quest for the Orb.
     0 | D:1      | cforsyth set off with the following spells memorised: Kiss
                  | of Death, Momentum Strike, Hailstorm.
     0 | D:1      | Reached XP level 1. HP: 18/18 MP: 0/0
   170 | D:1      | Reached XP level 2. HP: 13/23 MP: 0/0
   174 | D:1      | HP: 1/23 [frozen (4)]
   768 | D:1      | Reached XP level 3. HP: 25/29 MP: 0/0
   768 | D:1      | Learned a level 1 spell: Freeze
  1105 | D:2      | Found a faded altar of an unknown god.
  1641 | D:2      | Reached skill level 3 in Fighting
  1742 | D:2      | Found Deor Xim's Jewellery Shop.
  1747 | D:2      | Found Heuffocs's General Store.
  2026 | D:3      | Reached XP level 4. HP: 23/35 MP: 0/0
  2599 | D:3      | Found a hazy altar of Hepliaklqana.
  2819 | D:3      | Noticed Robin
  2982 | D:2      | Reached XP level 5. HP: 7/37 MP: 0/0
  2982 | D:2      | Learned a level 2 spell: Jinxbite
  3138 | D:3      | Killed Robin
  3241 | D:3      | Noticed Jessica
  3577 | D:3      | Killed Jessica
  3578 | D:3      | Reached skill level 4 in Fighting
  4281 | D:4      | Reached XP level 6. HP: 38/42 MP: 0/0
  4900 | D:5      | Entered Level 5 of the Dungeon
  5119 | D:5      | Noticed an ice beast
  5119 | D:5      | Noticed an orc warrior
  5126 | D:4      | Killed an orc warrior
  5127 | D:4      | Reached skill level 5 in Fighting
  5211 | D:4      | Mangled by an ice beast

Illustrated notes

Levels and vault maps discovered:
D:1:      matt_arrival_refuge, layout_basic
D:2:      layout_loops_cross, shapermc_ecumenical_altar_gd, serial_shops, shop,
          nicolae_shop_gaudy_bauble
D:3:      layout_rooms, mainiacjoe_overflow_chevrons, uniq_jessica, uniq_robin
D:4:      layout_loops_ring
D:5:      layout_basic, grunt_ministairs_7, chequers_mini_garden, hex_medium,
          st_stairs_10

Skill      XL: |  1  2  3  4  5  6 |
---------------+-------------------+-----
Spellcasting   | 3 4 |  4.5
Conjurations   | 3 4 |  4.5
Hexes          | 3 4 |  4.5
Summonings     | 3 4 |  4.5
Necromancy     | 3 4 |  4.5
Translocations | 3 4 |  4.5
Fire Magic     | 3 4 |  4.5
Ice Magic      | 3 4 |  4.5
Air Magic      | 3 4 |  4.5
Earth Magic    | 3 4 |  4.5
Alchemy        | 3 4 |  4.5
Fighting       | 3 4 5 |  5.1
Short Blades   | |  2.6
Dodging        | |  2.1

Action                     |  1- 3 |  4- 6 || total
---------------------------+-------+-------++-------
  Melee: Short sword       |   101 |   163 ||   264
         Punch             |     1 |     3 ||     4
         Dagger            |       |    64 ||    64
   Cast: Freeze            |    23 |       ||    23
         Hailstorm         |       |     3 ||     3
         Kiss of Death     |       |     4 ||     4
         Jinxbite          |       |     1 ||     1
    Use: Potion            |       |     2 ||     2
         Scroll            |       |     3 ||     3
 Armour: Leather armour    |    59 |   166 ||   225
  Dodge: Dodged            |    63 |   145 ||   208

Table legend: (Time is in decaauts)
 A = Elapsed time spent in this place.
 B = Non-inter-level travel time spent in this place.
 C = Inter-level travel time spent in this place.
 D = Time resting spent in this place.
 E = Time spent auto-exploring this place.
 F = Levels seen in this place.
 G = Mean time per level.
                   A        B        C        D        E       F      G
               +--------+--------+--------+--------+--------+-----+--------+
         Total |   5177 |   4967 |    210 |   1159 |   3006 |   5 | 1035.4 |
       Dungeon |   5177 |   4967 |    210 |   1159 |   3006 |   5 | 1035.4 |
               +--------+--------+--------+--------+--------+-----+--------+

Top non-repeatable levels by time:
     D:2: 1694 daAuts
     D:3: 1374 daAuts
     D:4: 1064 daAuts
     D:1: 1026 daAuts
     D:5: 16 daAuts
